| TOP OF THE 1ST |
|
Gwinnett Braves batting - Pitching for Sacramento River Cats : RHP John Delaney
|
|
Pitching: RHP John Delaney
|
|
|
Batting: RHB Jeremy Giesler
|
0-0: Foul Ball, location: 2F 0-1: Called Strike 0-2: Strikes out swinging
|
|
Batting: RHB Alex Munoz
|
0-0: Swinging Strike 0-1: Foul Ball, location: 2F 0-2: Ball 1-2: Ball 2-2: Reached on error, E2 (Groundball, 2L, EV 68.1 MPH)
|
|
Batting: SHB Bob Morales
|
0-0: Foul Ball, location: 2F 0-1: Ball 1-1: Foul Ball, location: 2F 1-2: Strikes out looking
|
|
Batting: RHB Muneer Maudad
|
0-0: Foul Ball, location: 2F 0-1: Ball 1-1: 2-RUN HOME RUN (Flyball, 78XD, EV 115.0 MPH), Distance : 436 ft
|
|
Batting: SHB Brian Bagley
|
0-0: Ball 1-0: Foul Ball, location: 2F 1-1: Ball 2-1: Fly out, F9 (Flyball, 9D, EV 100.6 MPH)
|
| Top of the 1st over - 2 runs, 1 hit, 1 error, 0 left on base; Gwinnett 2 - Sacramento 0 |
| BOTTOM OF THE 1ST |
|
Sacramento River Cats batting - Pitching for Gwinnett Braves : RHP Ryan DeMille
|
|
Pitching: RHP Ryan DeMille
|
|
|
Batting: SHB Carlos Rodriguez
|
0-0: Ball 1-0: Foul Ball, location: 2F 1-1: Ball 2-1: Ball 3-1: Base on Balls
|
|
Batting: RHB Sterling Acosta
|
0-0: Called Strike 0-1: Ball 1-1: Ball 2-1: Ball 3-1: Foul Ball, location: 2F 3-2: Foul Ball, location: 2F 3-2: Strikes out swinging
|
|
Batting: LHB Tom Best
|
0-0: Ball Carlos Rodriguez steals 2nd base 1-0: Swinging Strike 1-1: Foul Ball, location: 2F 1-2: Ball 2-2: Strikes out swinging, 2-3 out at first.
|
|
Batting: SHB Francisco Gutierrez
|
0-0: Called Strike 0-1: Swinging Strike 0-2: Ball 1-2: Ball 2-2: Fly out, F7 (Flyball, 7LM, EV 90.6 MPH)
|
| Bottom of the 1st over - 0 runs, 0 hits, 0 errors, 1 left on base; Gwinnett 2 - Sacramento 0 |
| TOP OF THE 2ND |
|
Gwinnett Braves batting - Pitching for Sacramento River Cats : RHP John Delaney
|
|
Batting: LHB Chad Persaud
|
0-0: Called Strike 0-1: Swinging Strike 0-2: Ball 1-2: Strikes out swinging
|
|
Batting: LHB Mark Buchholz
|
0-0: Ground out 4-3 (Groundball, 4, EV 90.6 MPH)
|
|
Batting: RHB Nate Taylor
|
0-0: Ball 1-0: Ball 2-0: Ball 3-0: Called Strike 3-1: Called Strike 3-2: Strikes out swinging
|
| Top of the 2nd over - 0 runs, 0 hits, 0 errors, 0 left on base; Gwinnett 2 - Sacramento 0 |
| BOTTOM OF THE 2ND |
|
Sacramento River Cats batting - Pitching for Gwinnett Braves : RHP Ryan DeMille
|
|
Batting: LHB Pauli Gassinger
|
0-0: Ball 1-0: Ball 2-0: Called Strike 2-1: Called Strike 2-2: Ball 3-2: Fly out, F9 (Flyball, 89D, EV 103.1 MPH)
|
|
Batting: RHB Troy Trice
|
0-0: Ball 1-0: Ground out 6-3 (Groundball, P, EV 82.5 MPH)
|
|
Batting: RHB Justin Bonner
|
0-0: Foul Ball, location: 2F 0-1: Ball 1-1: Called Strike 1-2: Strikes out swinging
|
| Bottom of the 2nd over - 0 runs, 0 hits, 0 errors, 0 left on base; Gwinnett 2 - Sacramento 0 |
| TOP OF THE 3RD |
|
Gwinnett Braves batting - Pitching for Sacramento River Cats : RHP John Delaney
|
|
Batting: SHB Eric Reeser
|
0-0: Called Strike 0-1: Called Strike 0-2: Strikes out looking
|
|
Batting: RHB Jeremy Giesler
|
0-0: Fly out, F8 (Flyball, 8LXD, EV 91.9 MPH)
|
|
Batting: RHB Alex Munoz
|
0-0: Called Strike 0-1: Foul Ball, location: 2F 0-2: Strikes out swinging
|
| Top of the 3rd over - 0 runs, 0 hits, 0 errors, 0 left on base; Gwinnett 2 - Sacramento 0 |
| BOTTOM OF THE 3RD |
|
Sacramento River Cats batting - Pitching for Gwinnett Braves : RHP Ryan DeMille
|
|
Batting: RHB Tyler Mapes
|
0-0: Called Strike 0-1: Ball 1-1: Fly out, F4 (Line Drive, 4M, EV 70.0 MPH)
|
|
Batting: RHB Chris Powell
|
0-0: Ball 1-0: Fly out, F4 (Line Drive, 4M, EV 75.6 MPH)
|
|
Batting: SHB Carlos Rodriguez
|
0-0: Ball 1-0: Ball 2-0: Ball 3-0: Called Strike 3-1: Called Strike 3-2: Ground out U3 (Groundball, 34, EV 92.5 MPH)
|
| Bottom of the 3rd over - 0 runs, 0 hits, 0 errors, 0 left on base; Gwinnett 2 - Sacramento 0 |
| TOP OF THE 4TH |
|
Gwinnett Braves batting - Pitching for Sacramento River Cats : RHP John Delaney
|
|
Batting: SHB Bob Morales
|
0-0: Called Strike 0-1: Called Strike 0-2: Strikes out swinging
|
|
Batting: RHB Muneer Maudad
|
0-0: Ball 1-0: Ball 2-0: Ball 3-0: Called Strike 3-1: Called Strike 3-2: Foul Ball, location: 2F 3-2: Base on Balls
|
|
Batting: SHB Brian Bagley
|
0-0: Called Strike 0-1: Foul Ball, location: 2F 0-2: Strikes out looking
|
|
Batting: LHB Chad Persaud
|
0-0: Ball 1-0: Ball 2-0: Fly out, F8 (Flyball, 8LD, EV 83.8 MPH)
|
| Top of the 4th over - 0 runs, 0 hits, 0 errors, 1 left on base; Gwinnett 2 - Sacramento 0 |
| BOTTOM OF THE 4TH |
|
Sacramento River Cats batting - Pitching for Gwinnett Braves : RHP Ryan DeMille
|
|
Batting: RHB Sterling Acosta
|
0-0: Ground out 3-1 (Groundball, 34S, EV 89.4 MPH)
|
|
Batting: LHB Tom Best
|
0-0: Ground out 4-3 (Groundball, 4, EV 108.8 MPH)
|
|
Batting: SHB Francisco Gutierrez
|
0-0: Ball 1-0: Swinging Strike 1-1: Reached on error, E5 (Groundball, 5S, EV 65.6 MPH)
|
|
Batting: LHB Pauli Gassinger
|
0-0: Ball 1-0: Called Strike 1-1: SINGLE (Groundball, 4MD, EV 96.9 MPH) Francisco Gutierrez to second Runner from 2nd tries for 3rd, SAFE, throw by CF made to third
|
|
Batting: RHB Troy Trice
|
0-0: Ball 1-0: Ball 2-0: Fielders Choice at 2nd, 5-4 (Groundball, 56, EV 86.9 MPH)
|
| Bottom of the 4th over - 0 runs, 1 hit, 1 error, 2 left on base; Gwinnett 2 - Sacramento 0 |
| TOP OF THE 5TH |
|
Gwinnett Braves batting - Pitching for Sacramento River Cats : RHP John Delaney
|
|
Batting: LHB Mark Buchholz
|
0-0: Ball 1-0: Ball 2-0: Called Strike 2-1: Swinging Strike 2-2: DOUBLE (Line Drive, 8LXD, EV 109.4 MPH)
|
|
Batting: RHB Nate Taylor
|
0-0: Ball 1-0: Ball 2-0: Called Strike 2-1: Foul Ball, location: 2F 2-2: Strikes out swinging
|
|
Batting: SHB Eric Reeser
|
0-0: Swinging Strike 0-1: Foul Ball, location: 2F 0-2: Strikes out swinging
|
|
Batting: RHB Jeremy Giesler
|
0-0: Foul Ball, location: 2F 0-1: Ball 1-1: Ball 2-1: Fly out, F9 (Flyball, 89M, EV 90.6 MPH)
|
| Top of the 5th over - 0 runs, 1 hit, 0 errors, 1 left on base; Gwinnett 2 - Sacramento 0 |
| BOTTOM OF THE 5TH |
|
Sacramento River Cats batting - Pitching for Gwinnett Braves : RHP Ryan DeMille
|
|
Batting: RHB Justin Bonner
|
0-0: Ball 1-0: Foul Ball, location: 2F 1-1: Ball 2-1: Foul Ball, location: 2F 2-2: Fly out, F6 (Popup, 6M, EV 58.1 MPH)
|
|
Batting: RHB Tyler Mapes
|
0-0: Ball 1-0: Ball 2-0: Called Strike 2-1: Swinging Strike 2-2: Ball 3-2: Base on Balls
|
|
Batting: RHB Chris Powell
|
0-0: Called Strike 0-1: Swinging Strike 0-2: Strikes out swinging
|
|
Batting: SHB Carlos Rodriguez
|
0-0: Ball 1-0: Called Strike 1-1: Ball 2-1: Ball 3-1: Base on Balls Tyler Mapes to second
|
|
Batting: RHB Sterling Acosta
|
0-0: Ball 1-0: Called Strike 1-1: Called Strike 1-2: Ball 2-2: Ball 3-2: Base on Balls Tyler Mapes to third Carlos Rodriguez to second
|
|
Batting: LHB Tom Best
|
0-0: Ball 1-0: Called Strike 1-1: Called Strike 1-2: Strikes out looking
|
| Bottom of the 5th over - 0 runs, 0 hits, 0 errors, 3 left on base; Gwinnett 2 - Sacramento 0 |
| TOP OF THE 6TH |
|
Gwinnett Braves batting - Pitching for Sacramento River Cats : RHP John Delaney
|
|
Batting: RHB Alex Munoz
|
0-0: Ball 1-0: Called Strike 1-1: Ground out 6-3 (Groundball, 6MS, EV 88.1 MPH)
|
|
Batting: SHB Bob Morales
|
0-0: Ball 1-0: Ball 2-0: Ball 3-0: Base on Balls
|
|
Batting: RHB Muneer Maudad
|
0-0: Foul Ball, location: 2F 0-1: Swinging Strike 0-2: Foul Ball, location: 2F 0-2: Ball 1-2: Ball 2-2: Ball 3-2: Foul Ball, location: 2F 3-2: Fly out, F8 (Flyball, 8LD, EV 98.1 MPH)
|
|
Batting: SHB Brian Bagley
|
0-0: Ball Bob Morales is caught stealing 2nd base 2-6
|
| Top of the 6th over - 0 runs, 0 hits, 0 errors, 0 left on base; Gwinnett 2 - Sacramento 0 |
| BOTTOM OF THE 6TH |
|
Sacramento River Cats batting - Pitching for Gwinnett Braves : RHP Ryan DeMille
|
|
Batting: SHB Francisco Gutierrez
|
0-0: Foul Ball, location: 2F 0-1: SINGLE (Line Drive, 8LS, EV 96.2 MPH)
|
|
Batting: LHB Pauli Gassinger
|
0-0: Called Strike 0-1: SINGLE (Groundball, 6MS, EV 65.0 MPH) (infield hit) Francisco Gutierrez to second
|
|
Batting: RHB Troy Trice
|
0-0: Ball 1-0: SINGLE (Line Drive, 6MD, EV 96.9 MPH) Francisco Gutierrez to third Pauli Gassinger to second
|
|
Batting: RHB Justin Bonner
|
0-0: Foul Ball, location: 2F 0-1: Called Strike 0-2: Foul Ball, location: 2F 0-2: Ball 1-2: Grounds into fielders choice 5-2 (Groundball, 56, EV 91.2 MPH) Pauli Gassinger to third Troy Trice to second
|
|
Batting: RHB Tyler Mapes
|
0-0: Ball 1-0: Swinging Strike 1-1: Swinging Strike 1-2: Ball 2-2: Ball 3-2: Foul Ball, location: 2F 3-2: Strikes out swinging
|
|
Pitching: RHP Steve Dripps
|
|
|
Batting: RHB Chris Powell
|
0-0: Fielders Choice at 2nd, 6-4 (Groundball, 6, EV 103.1 MPH)
|
| Bottom of the 6th over - 0 runs, 3 hits, 0 errors, 3 left on base; Gwinnett 2 - Sacramento 0 |
| TOP OF THE 7TH |
|
Gwinnett Braves batting - Pitching for Sacramento River Cats : RHP John Delaney
|
|
Batting: SHB Brian Bagley
|
0-0: Called Strike 0-1: SOLO HOME RUN (Flyball, 9LD, EV 97.5 MPH), Distance : 343 ft
|
|
Batting: LHB Chad Persaud
|
0-0: Foul Ball, location: 2F 0-1: Ball 1-1: SOLO HOME RUN (Flyball, 89XD, EV 116.9 MPH), Distance : 441 ft
|
|
Batting: LHB Mark Buchholz
|
0-0: Ball 1-0: Ball 2-0: Called Strike 2-1: DOUBLE (Flyball, 8LXD, EV 90.6 MPH)
|
|
Batting: RHB Nate Taylor
|
0-0: Intentional Walk
|
|
Batting: SHB Eric Reeser
|
0-0: Called Strike 0-1: Ball 1-1: SINGLE (Groundball, 5D, EV 99.4 MPH) Mark Buchholz to third Nate Taylor to second Runner from 3rd tries for Home, throw by LF and OUT! 7-2 Nate Taylor to third Eric Reeser to second
|
|
Pitching: RHP Sam Drews
|
|
|
Batting: RHB Jeremy Giesler
|
0-0: Swinging Strike 0-1: Ball 1-1: Swinging Strike 1-2: Fly out, F8 (Flyball, 8LM, EV 87.5 MPH) Runner from 3rd tags up, SCORES, throw by CF
|
|
Batting: RHB Alex Munoz
|
0-0: Called Strike 0-1: Foul Ball, location: 2F 0-2: Ball 1-2: Strikes out swinging
|
| Top of the 7th over - 3 runs, 4 hits, 0 errors, 1 left on base; Gwinnett 5 - Sacramento 0 |
| BOTTOM OF THE 7TH |
|
Sacramento River Cats batting - Pitching for Gwinnett Braves : RHP Steve Dripps
|
|
Batting: SHB Carlos Rodriguez
|
0-0: Called Strike 0-1: Ball 1-1: Ball 2-1: Foul Ball, location: 2F 2-2: Foul Ball, location: 2F 2-2: Ball 3-2: Ground out 5-3 (Groundball, 5, EV 86.9 MPH)
|
|
Batting: RHB Sterling Acosta
|
0-0: Ground out 4-3 (Groundball, 4, EV 83.8 MPH)
|
|
Batting: LHB Tom Best
|
0-0: Ball 1-0: Ball 2-0: Ball 3-0: Called Strike 3-1: Base on Balls
|
|
Batting: SHB Francisco Gutierrez
|
0-0: Ball 1-0: Foul Ball, location: 2F 1-1: Foul Ball, location: 2F 1-2: Foul Ball, location: 2F 1-2: Ball 2-2: Foul Ball, location: 2F 2-2: Foul Ball, location: 2F 2-2: Ball 3-2: Base on Balls Tom Best to second
|
|
Batting: LHB Pauli Gassinger
|
0-0: Ball 1-0: Swinging Strike 1-1: Called Strike 1-2: Strikes out swinging
|
| Bottom of the 7th over - 0 runs, 0 hits, 0 errors, 2 left on base; Gwinnett 5 - Sacramento 0 |
| TOP OF THE 8TH |
|
Gwinnett Braves batting - Pitching for Sacramento River Cats : RHP Sam Drews
|
|
Batting: SHB Bob Morales
|
0-0: Ball 1-0: Ball 2-0: Ball 3-0: Base on Balls
|
|
Batting: RHB Muneer Maudad
|
0-0: Ball 1-0: Called Strike 1-1: Called Strike 1-2: Foul Ball, location: 2F 1-2: Foul Ball, location: 2F 1-2: Ball 2-2: Ball 3-2: Base on Balls Bob Morales to second
|
|
Batting: SHB Brian Bagley
|
0-0: Called Strike 0-1: Ball 1-1: Called Strike 1-2: Foul Ball, location: 2F 1-2: Strikes out swinging
|
|
Batting: LHB Chad Persaud
|
0-0: Ball 1-0: Foul Ball, location: 2F 1-1: Ball 2-1: Swinging Strike 2-2: Strikes out swinging
|
|
Pitching: LHP Dave Burridge
|
|
|
Batting: LHB Mark Buchholz
|
0-0: Called Strike 0-1: Fly out, F8 (Flyball, 8LM, EV 96.9 MPH)
|
| Top of the 8th over - 0 runs, 0 hits, 0 errors, 2 left on base; Gwinnett 5 - Sacramento 0 |
| BOTTOM OF THE 8TH |
|
Sacramento River Cats batting - Pitching for Gwinnett Braves : RHP Steve Dripps
|
|
Batting: RHB Troy Trice
|
0-0: Ball 1-0: Fly out, F7 (Flyball, 7LM, EV 80.0 MPH)
|
|
Batting: RHB Justin Bonner
|
0-0: Ball 1-0: Swinging Strike 1-1: Ball 2-1: Ground out 5-3 (Groundball, 56, EV 102.5 MPH)
|
|
Batting: RHB Tyler Mapes
|
0-0: Ball 1-0: Swinging Strike 1-1: Ball 2-1: Swinging Strike 2-2: Strikes out swinging
|
| Bottom of the 8th over - 0 runs, 0 hits, 0 errors, 0 left on base; Gwinnett 5 - Sacramento 0 |
| TOP OF THE 9TH |
|
Gwinnett Braves batting - Pitching for Sacramento River Cats : LHP Dave Burridge
|
|
Pitching: LHP Joel Page
|
|
|
Batting: RHB Nate Taylor
|
0-0: Called Strike 0-1: Ball 1-1: SINGLE (Flyball, 5D, EV 88.8 MPH)
|
|
Batting: SHB Eric Reeser
|
0-0: Ball Nate Taylor steals 2nd base 1-0: Ball 2-0: Ball 3-0: Base on Balls
|
|
Batting: RHB Jeremy Giesler
|
0-0: Bunted foul 0-1: Bunted foul 0-2: Foul Ball, location: 2F 0-2: Ball 1-2: Ball 2-2: Foul Ball, location: 2F 2-2: Fielders Choice at 2nd, 4-6 (Groundball, 4, EV 101.2 MPH) Nate Taylor to third
|
|
Batting: RHB Alex Munoz
|
0-0: Swinging Strike 0-1: Ball 1-1: Ball 2-1: Ground out 4-3 (Groundball, 34, EV 81.9 MPH) Nate Taylor scores Jeremy Giesler to second
|
|
Batting: SHB Bob Morales
|
0-0: Ball 1-0: Ball 2-0: Foul Ball, location: 2F 2-1: Foul Ball, location: 2F 2-2: Foul Ball, location: 2F 2-2: Strikes out swinging
|
| Top of the 9th over - 1 run, 1 hit, 0 errors, 1 left on base; Gwinnett 6 - Sacramento 0 |
| BOTTOM OF THE 9TH |
|
Sacramento River Cats batting - Pitching for Gwinnett Braves : RHP Steve Dripps
|
|
Batting: RHB Chris Powell
|
0-0: Called Strike 0-1: Foul Ball, location: 2F 0-2: Ball 1-2: Foul Ball, location: 2F 1-2: Ground out 4-3 (Groundball, 4, EV 106.2 MPH)
|
|
Batting: SHB Carlos Rodriguez
|
0-0: Called Strike 0-1: Swinging Strike 0-2: Ball 1-2: Ball 2-2: Strikes out looking
|
|
Batting: RHB Sterling Acosta
|
0-0: Ball 1-0: Foul Ball, location: 2F 1-1: Swinging Strike 1-2: Strikes out swinging
|
| Bottom of the 9th over - 0 runs, 0 hits, 0 errors, 0 left on base; Gwinnett 6 - Sacramento 0 |
|